← All builds
Suicide front / Armada / Economy first / OBSERVED BUILD

Janus skirmish rush

Armada Suicide front build order · Supreme Isthmus

An early Vehicle Plant feeds T1 vehicle skirmishers led by Janus from about 1:30, pushing into the middle well ahead of the role's norm with Rover raiding and Shellshocker artillery supporting before transitioning into Blitz later.

#rush #artillery #push · 162 distinct matches · 41 players · 5% of Armada Suicide front games · team won 55% of 164 · Recently observed

THE CATCH, AND WHAT COMES WITH IT
  • JanusT1 vehicle skirmishers from 1:30 · 6% of role by thenFrom the Vehicle Plant. Only 6% of Suicide front games have it by then; others who build it get it around 1:43
  • Vehicle PlantVehicle Plant in 99%6% of all Suicide front games by then
  • RoverScout in 99%5% of all Suicide front games by then
  • BlitzBlitz in 59%6% of all Suicide front games by then
  • ShellshockerArty in 48%2% of all Suicide front games by then

Started with Janus (91%), Whistler (9%).

Where those units first fight, in 164 games with kill data: in the middle 96%.

Those units destroy a typical 3,030 metal of enemy units by 15:00.

Then transitions into blitz (27% of army), missile truck (13% of army).

HOW TO PLAY IT

Key timing: Janus skirmishers by 1:30

  1. Skip the usual Bot Lab open and drop a Vehicle Plant immediately.
  2. Have the Vehicle Plant finish and start pumping T1 vehicles.
  3. Push out with Janus skirmishers far earlier than the role norm.
  4. Bring Rover scouts to raid and Shellshocker artillery to back the push.
  5. Transition into Blitz and Whistler as the main middle army.

Phase by phase

TYPICAL OF ITS 162 GAMES · AGAINST STANDARD SUICIDE FRONT
  1. 1
  2. 2
  3. 3
  4. 4
PLAY THE OPENING

Follow the example game's first 6:00 step by step: what to build now, what comes next, and where it goes. At 1× it keeps pace with your own game.

  1. 1

    Up to the Vehicle Plant

    Economy
    • Metal Extractor3Mex+2 vs standard
    Order
    1. Vehicle PlantVehicle Plant after 3 mexdone ~0:47, middle half 0:37–0:58

    By 0:28 in all: 3 mex (standard 1)

    The example game in this phase · 5 steps
    1. Mex ×2
    2. SentrySentry
    3. Mex
    4. Radar TowerRadar Tower
    5. Vehicle PlantVehicle Plantdone 1:02 · typical 0:47
  2. 2

    Vehicle Plant to T1 vehicle skirmishers

    Economy
    • Wind Turbine1Wind
    Order
    1. JanusT1 vehicle skirmishers after 3 mex, 2 wind
    Builders
    • Construction Vehicle2 Con vehicle +2 vs standard
    Army
    • Rover2 Scout +2 vs standard

    Some games also: mex (42%)

    The standard build makes here, this one skips: 2 mex · 2 con bot

    By 1:30 in all: 3 mex · 2 wind

    The example game in this phase · 5 steps
    1. Construction VehicleCon vehicle
    2. Wind ×3
    3. Construction VehicleCon vehicle
    4. Mex
    5. JanusJanusdone 2:01
  3. 3

    T1 vehicle skirmishers to 5:00

    Economy
    • Metal Extractor2Mex
    • Wind Turbine3Wind
    Builders
    • Construction Vehicle1 Con vehicle
    Army
    • Sentry2 Sentry
    • Janus3 Janus +3 vs standard
    • Whistler3 Missile truck +3 vs standard
    Other
    • Radar Tower1 Radar Tower

    Some games also: Dragon's Teeth (43%) · arty (42%) · blitz (35%)

    The standard build makes here, this one skips: 16 rocketeer

    By 5:00 in all: 5 mex · 5 wind

    The example game in this phase · 21 steps
    1. Wind
    2. SentrySentry
    3. Wind
    4. JanusJanus ×3
    5. Dragon's TeethDragon's Teeth ×5
    6. JanusJanus
    7. Dragon's TeethDragon's Teeth
    8. Mex
    9. BlitzBlitz
    10. SentrySentry
    11. Radar TowerRadar Tower
    12. BlitzBlitz ×5
    13. Mex
    14. BlitzBlitz
    15. Dragon's TeethDragon's Teeth ×2
    16. BlitzBlitz
    17. Dragon's TeethDragon's Teeth ×4
    18. BlitzBlitz
    19. JanusJanus ×2
    20. Dragon's TeethDragon's Teeth ×6
    21. JanusJanus ×3
  4. 4

    5:00 to 10:00

    Economy
    • Metal Extractor1Mex
    • Wind Turbine12Wind
    Builders
    • Construction Turret2 Con turret
    • Construction Vehicle1 Con vehicle
    Army
    • Sentry2 Sentry
    • Blitz8 Blitz +8 vs standard
    • Whistler1 Missile truck

    Some games also: energy storage (44%) · Radar Tower (34%) · Dragon's Teeth (33%) · janus (33%) · Beamer (33%)

    The standard build makes here, this one skips: 2 Lazarus · 8 rocketeer

    By 10:00 in all: 6 mex · 18 wind · 1 energy storage · 2 con turret

    The example game in this phase · 77 steps
    1. BlitzBlitz ×2
    2. Dragon's TeethDragon's Teeth ×4
    3. BlitzBlitz
    4. Dragon's TeethDragon's Teeth ×2
    5. BlitzBlitz
    6. Dragon's TeethDragon's Teeth
    7. BlitzBlitz ×2
    8. Dragon's TeethDragon's Teeth ×2
    9. BlitzBlitz
    10. Dragon's TeethDragon's Teeth ×2
    11. BlitzBlitz ×6
    12. Con turret
    13. BlitzBlitz ×2
    14. Metal storage
    15. BlitzBlitz
    16. Con turret
    17. BlitzBlitz ×2
    18. Wind
    19. BlitzBlitz
    20. Wind
    21. BlitzBlitz
    22. Wind ×3
    23. BlitzBlitz
    24. Wind
    25. Construction VehicleCon vehicle
    26. SentrySentry ×2
    27. Construction VehicleCon vehicle ×3
    28. Advanced Metal ExtractorT2 mexdone 9:08 · typical 9:33
    29. BlitzBlitz
    30. Wind ×2
    31. Converter
    32. Advanced Metal ExtractorT2 mex
    33. Wind ×2
    34. SentrySentry
    35. Wind ×2
    36. Advanced Metal ExtractorT2 mex
    37. Wind ×2
    38. Converter
    39. Construction VehicleCon vehicle
    40. Wind ×3
    41. Construction VehicleCon vehicle
    42. Wind
    43. Energy storage
    44. Advanced Metal ExtractorT2 mex
    45. Converter
    46. Wind ×2
    47. BlitzBlitz
    48. Wind ×2
    49. BlitzBlitz
    50. Wind ×2
    51. BlitzBlitz
    52. Wind
    53. Energy storage
    54. BlitzBlitz
    55. Wind
    56. BlitzBlitz
    57. VeilVeil
    58. Wind ×2
    59. BlitzBlitz
    60. Wind ×2
    61. BlitzBlitz
    62. BeamerBeamer
    63. Wind
    64. BlitzBlitz
    65. Wind ×2
    66. BlitzBlitz
    67. Wind ×2
    68. BlitzBlitz
    69. Wind
    70. BlitzBlitz
    71. Wind ×3
    72. BlitzBlitz
    73. Wind ×2
    74. BlitzBlitz
    75. Wind ×3
    76. BlitzBlitz
    77. Wind

Counts are medians over the build's games: half of them build more, half fewer. The example game is Hummell's (48 OS, 05/10/2026); pick another.

Team trades

IN AT LEAST 30% OF ITS GAMES

You hand over

Nothing regular.

You get

  • Tidal Generator4 Tidal from Pondfirst at 0:09 · in 75% of games
  • Advanced Construction Bot1 T2 con bot from Geo or Techfirst at 7:20 · in 53% of games

How it plays out

Typical game of this build against the role’s standard build, running totals by minute

  • This build
  • Standard suicide front

Metal produced

010k20k
0:005:0010:0015:00

metal

Enemy metal destroyed

05k10k
0:005:0010:0015:00

metal

Own metal lost

05k10k
0:005:0010:0015:00

metal

164 games.

Show as table
ByMetal produced: This buildMetal produced: Standard suicide frontEnemy metal destroyed: This buildEnemy metal destroyed: Standard suicide frontOwn metal lost: This buildOwn metal lost: Standard suicide front
1:003862300000
2:0092488700310
3:001711200922718462130
4:0027693110699645363501
5:0037914185130613578531000
6:00485653492117218315101712
7:00592765392979305121312597
8:00712377603655393930283502
9:00825890464665470036614376
10:009638104185370531444505163
11:0011383118945762585852855965
12:0013188136066305640759666686
13:0015028154076744687965717437
14:0016368172987410750571608212
15:0017755192697932810983298991
WHAT THE NUMBERS SAY

Slightly underperformed the standard build on wins, metal, and enemy metal destroyed, a riskier take on the role's job.

  • + Still destroys a solid 7944 enemy metal by 15:00.
  • + Own losses by 15:00 (8931) stay close to standard (9182).
  • − Won less often than the standard build (56% vs 58%).
  • − Metal production trails standard at every checkpoint through 15:00.
THE EXAMPLE YOU ARE READING

Hummell

47.8 OS · 05/10/2026

Open source match ↗

9 received units · includes a constructor
469 metal received · 9434 energy received

Allied construction assistance is unknown. Timings are observations, not a promise of solo reproducibility.

Typical milestones

Vehicle Plant0:47Middle 50%: 0:37–0:58 · n=164
Advanced Metal Extractor9:33Middle 50%: 8:42–10:35 · n=113

Played most by

Kcorp45games of this buildHummell29games of this buildAdeus9games of this buildImmort9games of this buildRexalidus9games of this build